 Dungeon Crawl Stone Soup version 0.30-a0-1116-gebefce21f7 (webtiles) character file.

Game seed: 6240803644813313710

129992 sanka the Warrior (level 16, -12/149 HPs)
             Began as a Pale Draconian Monk on Apr 21, 2023.
             Was the Champion of Wu Jian.
             Mangled by a nagaraja
             ... wielding a +0 halberd
              (20 damage)
             ... on level 4 of the Snake Pit.
             The game lasted 00:59:30 (30781 turns).

sanka the Warrior (Pale Draconian Monk)            Turns: 30781, Time: 00:59:30

Health: -12/149    AC: 21    Str: 13    XL:     16   Next: 52%
Magic:  16/16      EV: 31    Int: 12    God:    Wu Jian [******]
Gold:   1178       SH: 18    Dex: 27    Spells: 15/15 levels left

rFire   + + .      SeeInvis .    a - +8 autumn katana {manifold assault}
rCold   . . .      Faith    .    N - +2 kite shield {AC+3}
rNeg    . . .      Spirit   .    (body armour unavailable)
rPois   .          Reflect  .    Z - +0 hat of Inference {rF++}
rElec   .          Rampage  .    M - +2 cloak
rCorr   .                        V - +2 pair of gloves
Will    +....                    r - +2 pair of boots
Stlth   ++                       x - amulet of regeneration
HPRegen 1.24/turn                J - +6 ring of dexterity
MPRegen 0.15/turn                g - +5 ring of evasion

@: weakened, studying Translocations
A: breathe steam, AC +9, unfitting armour, cold-blooded, steam resistance
a: Breathe Steam, Renounce Religion, Wall Jump, Serpent's Lash, Heavenly Storm


You were on level 4 of the Snake Pit.
You worshipped Wu Jian.
Wu Jian was exalted by your worship.
You visited 5 branches of the dungeon, and saw 27 of its levels.

You collected 2981 gold pieces.
You spent 1803 gold pieces at shops.


Innate Abilities, Weirdness & Mutations

You can breathe blasts of scalding, opaque steam.
Your pale cyan-grey scales are hard. (AC +9)
You cannot fit into any form of body armour.
You are cold-blooded and may be slowed by cold attacks.
You are immune to the effects of steam.


   Skills:
 - Level 15.0 Fighting
 - Level 12.0 Long Blades
 - Level 15.0 Dodging
 + Level 14.8 Shields
 - Level 12.7 Unarmed Combat


You had 15 spell levels left.
You didn't know any spells.
Your spell library contained the following spells:

 Spells                   Type           Power      Damage    Failure   Level
 Magic Dart               Conj           0%         1d3       52%         1
 Necrotise                Necr           0%         1d4       52%         1
 Sandblast                Erth           0%         2d4       52%         1
 Shock                    Conj/Air       0%         1d3       52%         1
 Slow                     Hex            0%         N/A       52%         1
 Sting                    Tmut/Pois      0%         1d3       52%         1
 Call Imp                 Summ           0%         N/A       65%         2
 Passwall                 Tmut/Erth      0%         N/A       65%         2
 Poisonous Vapours        Pois/Air       0%         N/A       65%         2
 Scorch                   Fire           0%         2d5       65%         2
 Sublimation of Blood     Necr           0%         N/A       65%         2
 Wereblood                Tmut           0%         N/A       65%         2
 Call Canine Familiar     Summ           0%         N/A       87%         3
 Confusing Touch          Hex            0%         N/A       87%         3
 Gell's Gravitas          Tloc           0%         N/A       87%         3
 Inner Flame              Hex/Fire       0%         N/A       87%         3
 Mephitic Cloud           Conj/Pois/Air  0%         N/A       87%         3
 Portal Projectile        Hex/Tloc       0%         N/A       87%         3
 Stone Arrow              Conj/Erth      0%         3d7       87%         3
 Swiftness                Air            0%         N/A       87%         3
 Teleport Other           Tloc           0%         N/A       87%         3
 Tukima's Dance           Hex            0%         N/A       87%         3
 Vampiric Draining        Necr           0%         2d6       87%         3
 Volatile Blastmotes      Fire/Tloc      0%         2d10      87%         3
 Airstrike                Air            0%         2d(0-16)  99%         4
 Flame Wave               Conj/Fire      0%         2d4       99%         4
 Fulminant Prism          Conj/Hex       0%         3d5       99%         4
 Iskenderun's Mystic Bla  Conj/Tloc      0%         2d3       99%         4
 Leda's Liquefaction      Hex/Erth       0%         N/A       99%         4
 Olgreb's Toxic Radiance  Pois           0%         N/A       99%         4
 Agony                    Necr           0%         N/A       100%        5
 Blade Hands              Tmut           0%         N/A       100%        5
 Fireball                 Conj/Fire      0%         3d3       100%        5
 Iskenderun's Battlesphe  Conj           0%         2d6       100%        5
 Lee's Rapid Deconstruct  Erth           0%         3d4*      100%        5
 Summon Forest            Summ/Tloc      0%         N/A       100%        5
 Yara's Violent Unravell  Hex/Tmut       0%         3d3       100%        5
 Conjure Ball Lightning   Conj/Air       0%         3x3d6     100%        6
 Dispersal                Tloc           0%         N/A       100%        6
 Iron Shot                Conj/Erth      0%         9d1       100%        6
 Summon Cactus Giant      Summ           0%         N/A       100%        6
 Enfeeble                 Hex            0%         N/A       100%        7
 Orb of Destruction       Conj           0%         9d5       100%        7
 Summon Hydra             Summ           0%         N/A       100%        7

Inventory:

Hand Weapons
 a - the +8 autumn katana (weapon) {manifold assault}
 b - a +0 falchion of flaming
Missiles
 Q - a throwing net {=f}
 T - 10 curare-tipped darts {=f}
Armour
 r - a +2 pair of boots (worn)
 F - an orb of light
 M - a +2 cloak (worn)
 N - a +2 kite shield of protection (worn)
 V - a +2 pair of gloves (worn)
 Z - the +0 hat of Inference (worn) {rF++} rF: It greatly protects you from fire.
Jewellery
 g - a +5 ring of evasion (right hand)
 k - a ring of protection from cold
 m - a ring of see invisible
 q - a ring of poison resistance
 x - an amulet of regeneration (around neck)
 J - a +6 ring of dexterity (left hand)
 K - a ring of wizardry
 P - a ring of willpower
Wands
 n - a wand of charming (18)
 C - a wand of acid (9)
 H - a wand of flame (9)
 L - a wand of roots (18)
 W - a wand of mindburst (12)
 Y - a wand of digging (11)
Scrolls
 d - 8 scrolls of fog
 f - 7 scrolls of magic mapping
 l - 6 scrolls of poison {!r}
 o - 6 scrolls of blinking
 t - 4 scrolls of immolation {!r}
 u - a scroll of brand weapon
 v - a scroll of fear
 w - 3 scrolls of silence {!r}
 y - 3 scrolls of summoning
 A - 14 scrolls of teleportation {@r4}
 E - 5 scrolls of vulnerability {!r}
Potions
 c - 4 potions of flight
 e - 8 potions of curing {@q1}
 h - 7 potions of magic
 i - 3 potions of brilliance
 j - 3 potions of attraction {!q}
 p - 9 potions of heal wounds {@q2}
 s - 2 potions of haste {@q3}
 z - 2 potions of berserk rage {!q}
 B - 2 potions of lignification {!q}
 D - 5 potions of invisibility
 G - 6 potions of mutation {!q}
 I - a potion of resistance
 O - 4 potions of cancellation
 S - 4 potions of ambrosia
 X - 5 potions of might
Miscellaneous
 R - a tin of tremorstones (2/2)
 U - a phantom mirror

Dungeon Overview and Level Annotations

Branches:
Dungeon (15/15)            Temple (1/1) D:6            Lair (5/5) D:10
 Shoals (0/4) Lair:2        Snake (4/4) Lair:2        Slime (0/5) Lair:4
    Orc (2/2) D:11            Elf (0/3) Orc:2        Vaults (0/5) D:14
 Depths (0/4) D:15

Altars:
Ashenzari
Cheibriados
Dithmenos
Elyvilon
Fedhas
Gozag
Hepliaklqana
Kikubaaqudgha
Makhleb
Nemelex Xobeh
Okawaru
Qazlal
Ru
Sif Muna
Trog
Uskayaw
Vehumet
Wu Jian
Xom
Yredelemnul
Zin
The Shining One
Jiyva
Lugonu

Shops:
D:11 =*   D:12 (   Orc:2 ?[=?   Snake:2 (

Portals:
Abyss: Lair:5

Annotations:
D:7 exclusion: door

▒..▒...▒▒. ........▒.
▒▒▒ ......▒. ▒..▒
▒...▒▒. ....▒ ▒▒▒▒ ▒▒▒▒
▒▒8.▒▒▒
▒..8N▒▒..▒▒▒..▒▒▒.....▒
▒▒.).▒....▒....▒.......
▒...N)N8..'.8..'...⌠...
..▒d†..▒....▒.......
▒▒.)▒▒▒..▒▒▒.....▒ ▒▒▒▒
▒▒▒▒ ▒▒8.▒▒▒ ▒...▒
......▒ ......▒ .▒▒▒
▒.. ▒..▒


You could see a nagaraja (fast) and 2 nagas.


Message History

You barely resist. You slice the black mamba!!
You slice through the folds of space itself!
You hit the naga sharpshooter but do no damage.
You slice the naga!! You slash the nagaraja!
You kill the black mamba!
The Council accepts your kill. The nagaraja barely misses you.
A naga comes into view. It is wielding a +0 flail.
Unknown command.
You hit the naga but do no damage.
The naga is severely wounded.
The nagaraja misses you.
You barely miss the naga.
Your tail-slap misses the naga.
The naga is severely wounded.
The naga spits poison at you. The splash of poison misses you.
The nagaraja hits you from afar with a +0 halberd!!
* * * LOW HITPOINT WARNING * * *
You hit the naga but do no damage.
You slice through the folds of space itself!
You hit the nagaraja. You slash the naga!
The naga is severely wounded.
The naga closely misses you. You block the naga's attack.
The nagaraja hits you from afar with a +0 halberd!!
You die...

Action                     |  1- 3 |  4- 6 |  7- 9 | 10-12 | 13-15 | 16-18 || total
---------------------------+-------+-------+-------+-------+-------+-------++-------
  Melee: Unarmed           |   113 |   172 |   271 |   400 |    11 |       ||   967
         Tailslap          |    17 |    24 |    61 |   119 |   265 |    54 ||   540
         Katana            |       |       |       |   211 |  1398 |   355 ||  1964
         Falchion          |       |       |       |       |    53 |       ||    53
  Throw: Dart              |       |     3 |     9 |    11 |       |       ||    23
Ability: Breathe Steam     |       |       |     5 |    18 |     4 |       ||    27
         Lunge             |       |       |       |     5 |    83 |    11 ||    99
         Whirlwind         |       |       |       |     1 |    13 |     1 ||    15
  Evoke: Wand              |       |       |       |     1 |       |       ||     1
         Tin of tremorston |       |       |       |     1 |       |       ||     1
    Use: Scroll            |       |     4 |     4 |     4 |    27 |     3 ||    42
   Stab: Sleeping          |       |       |       |       |    12 |     2 ||    14
         Distracted        |       |       |       |       |     2 |       ||     2
 Armour: Skin              |    16 |    33 |    51 |    65 |   180 |    26 ||   371
  Dodge: Dodged            |    81 |   137 |   195 |   492 |   665 |   151 ||  1721
  Block: Kite shield       |       |       |       |    26 |   763 |   208 ||   997

Levels and vault maps discovered:
D:1:      dpeg_arrival_brainrot, layout_basic,
          dreamdust_ecumenical_altar_drowned_temple, minmay_tiny_reverse_x
D:2:      layout_loops_cross
D:3:      layout_loops_ring, uniq_grinder
D:4:      layout_rooms, uniq_blork_the_orc
D:5:      layout_layer_cave, nicolae_elyvilon_peaceful_grove,
          lemuel_crystal_altar
D:6:      layout_basic, grunt_temple_overflow_magic_moments,
          grunt_temple_overflow_open, minmay_temple_entry_offerings,
          st_stairs_6, minmay_mini_ossuary, uniq_sigmund
D:7:      lemuel_ice_spiral_2, layout_basic, mainiacjoe_overflow_alcove_4
D:8:      layout_basic, slow_altar_1, serial_curves, eino_curves_02,
          eino_curves_02
D:9:      minmay_the_grid_4x2 [minmay_the_grid_square_x,
          minmay_the_grid_zigzag_pyramid, minmay_the_grid_large_cup,
          minmay_the_grid_small_cups, minmay_the_grid_armoury,
          minmay_the_grid_tri_star, minmay_the_grid_outer_diamond,
          minmay_the_grid_prize_diamond_cup], layout_irregular_city
D:10:     gammafunk_indiana_jones, layout_grid_maze,
          mainiacjoe_overflow_concentric_impassable, amcnicky_altar_gilded,
          kennysheep_mini, chequers_temple_overflow_statue_of_worship,
          lair_entry_dummy
D:11:     layout_roguey, orc_0_dummy, serial_shops,
          nicolae_shop_getting_attention, nicolae_wooded_promenade,
          uniq_josephine
D:12:     layout_big_octagon, serial_shops, shop, vehumet_crystals
D:13:     layout_roguey, minmay_fractal_squares_gapless_5, uniq_maurice
D:14:     layout_roguey, david_vaults_5, serial_rivers,
          chequers_serial_rivers_small_3, chequers_serial_rivers_micro_b,
          chequers_serial_rivers_small_3, chequers_serial_rivers_small_a,
          chequers_serial_rivers_micro_b, chequers_serial_rivers_micro_b
D:15:     hangedman_depths_entry_try_elsewhere_first, layout_basic,
          gammafunk_ghost_fury_of_okawaru, nicolae_ru_path_of_blood,
          minmay_orc_keep
Temple:   corrupted_temple
Lair:1:   layout_roguey, uniq_fannar
Lair:2:   layout_gridlike, minmay_shoals_entry_beasts,
          nicolae_snake_entry_warm_welcome, grunt_megastairs_4
Lair:3:   layout_layer_cave
Lair:4:   layout_misc_corridors, nicolae_slime_entry_slimehenge,
          serial_bayou_shore_b
Lair:5:   hellmonk_lair_end_abyssal_woods, layout_loops_ring,
          kennysheep_basilisk_garden
Snake:1:  layout_misc_corridors, uniq_donald
Snake:2:  layout_concentric_octagons, serial_shops, nicolae_stop_n_shop_1,
          basic_altar
Snake:3:  layout_rooms, basic_altar, lemuel_fruit_tree, nicolae_triple_integral
Snake:4:  hellmonk_snake_rune_quicksilver_temple, layout_rooms,
          nicolae_snake_boneroom
Orc:1:    layout_caves, nicolae_orc_pool_cavern
Orc:2:    kennysheep_orc_mage_school, layout_diamond_mine, basic_altar

Notes
Turn   | Place    | Note
-------+----------+-------------------------------------------
     0 | D:1      | sanka the Draconian Monk began the quest for the Orb.
     0 | D:1      | Reached XP level 1. HP: 19/19 MP: 1/1
   250 | D:1      | Reached XP level 2. HP: 26/26 MP: 2/2
   401 | D:1      | Reached skill level 4 in Unarmed Combat
   402 | D:1      | Found a faded altar of an unknown god.
   466 | D:1      | Reached XP level 3. HP: 13/31 MP: 3/3
  1400 | D:2      | Reached XP level 4. HP: 36/38 MP: 4/4
  1419 | D:2      | Reached skill level 5 in Unarmed Combat
  1901 | D:3      | Noticed an ogre
  1908 | D:3      | Killed an ogre
  1909 | D:3      | Reached skill level 6 in Unarmed Combat
  1909 | D:3      | Reached XP level 5. HP: 45/45 MP: 5/5
  2092 | D:3      | Noticed Grinder
  2797 | D:4      | Reached XP level 6. HP: 38/51 MP: 6/6
  2900 | D:4      | Reached skill level 7 in Unarmed Combat
  3028 | D:4      | Identified the +1 mace of Qacripp {vamp, rF++ Str+3}
  3185 | D:4      | Noticed Blork the orc
  3198 | D:4      | Killed Blork the orc
  3316 | D:5      | Entered Level 5 of the Dungeon
  3547 | D:5      | Found a shadowy altar of Dithmenos.
  3581 | D:5      | Reached skill level 8 in Unarmed Combat
  3860 | D:5      | Your scales start taking on a pale cyan-grey colour.
  3860 | D:5      | Reached XP level 7. HP: 53/57 MP: 7/7
  3860 | D:5      | Gained mutation: You are immune to the effects of steam.
                  | [Pale Draconian growth]
  4031 | D:5      | Found a white marble altar of Elyvilon.
  4738 | D:6      | Reached skill level 9 in Unarmed Combat
  4820 | D:6      | Noticed Sigmund
  4891 | D:6      | Killed Sigmund
  4892 | D:6      | Reached skill level 10 in Unarmed Combat
  4892 | D:6      | Reached XP level 8. HP: 42/63 MP: 8/8
  5098 | D:6      | Found a blossoming altar of Fedhas.
  5108 | D:6      | Reached skill level 3 in Dodging
  5120 | D:6      | Found an opulent altar of Gozag.
  5120 | D:6      | Found a glowing golden altar of the Shining One.
  5121 | D:6      | Found a sparkling altar of Nemelex Xobeh.
  5166 | D:6      | Found a staircase to the Ecumenical Temple.
  5181 | D:6      | Reached skill level 4 in Fighting
  5417 | Temple   | Entered the Ecumenical Temple
  5582 | D:6      | Reached skill level 4 in Dodging
  5619 | D:6      | Found an ancient bone altar of Kikubaaqudgha.
  5620 | D:6      | Found a shimmering blue altar of Sif Muna.
  5623 | D:6      | Found a radiant altar of Vehumet.
  5628 | D:6      | Got Vehumet's Tractate on Blows
  5704 | D:6      | Reached skill level 5 in Fighting
  6323 | D:7      | Reached skill level 6 in Fighting
  6323 | D:7      | Reached skill level 5 in Dodging
  6445 | D:7      | Found a sacrificial altar of Ru.
  6831 | D:7      | Reached XP level 9. HP: 68/77 MP: 9/9
  7272 | D:8      | Reached skill level 7 in Fighting
  7278 | D:8      | Reached skill level 6 in Dodging
  7382 | D:8      | Found a snail-covered altar of Cheibriados.
  7492 | D:8      | Reached skill level 8 in Fighting
  7499 | D:8      | Reached skill level 7 in Dodging
  7689 | D:8      | Reached skill level 8 in Dodging
  8170 | D:9      | Noticed a troll
  8176 | D:9      | Killed a troll
  8177 | D:9      | Reached XP level 10. HP: 68/88 MP: 10/10
  8394 | D:9      | Reached skill level 11 in Unarmed Combat
  8746 | D:9      | Identified the +1 pair of gloves of the Eagle {rF- rC-
                  | Int+8}
  8928 | D:9      | Noticed a manticore
  8928 | D:9      | Found the +8 autumn katana {manifold assault}
  8936 | D:9      | Killed a manticore
  8937 | D:9      | Reached skill level 12 in Unarmed Combat
  8937 | D:9      | Noticed a rakshasa
  8962 | D:8      | Killed a rakshasa
  9154 | D:9      | Identified the +3 chain mail of the Fiddle {rPois MP-9 SInv
                  | Stlth+}
  9221 | D:9      | Noticed an orc knight
  9242 | D:9      | Reached skill level 1 in Long Blades
  9242 | D:9      | Killed an orc knight
  9243 | D:9      | Reached skill level 3 in Long Blades
  9450 | D:8      | Reached skill level 4 in Long Blades
  9501 | D:9      | Noticed a deep elf zephyrmancer
  9518 | D:9      | Killed a deep elf zephyrmancer
  9519 | D:9      | Reached skill level 5 in Long Blades
  9519 | D:9      | Reached XP level 11. HP: 94/94 MP: 11/11
  9531 | D:9      | Identified the +0 robe of the Purple Skies {Fly Str-3 SInv}
  9541 | D:9      | Noticed an orc sorcerer
  9545 | D:9      | Noticed a purple ugly thing
  9563 | D:9      | Killed an orc sorcerer
  9573 | D:9      | Killed a purple ugly thing
  9574 | D:9      | Reached skill level 6 in Long Blades
  9579 | D:9      | Identified +0 acid dragon scales
  9735 | D:9      | Noticed an orc sorcerer
  9757 | D:9      | Killed an orc sorcerer
  9758 | D:9      | Reached skill level 7 in Long Blades
 10076 | D:10     | Entered Level 10 of the Dungeon
 10095 | D:10     | Found a bloodstained altar of Trog.
 10359 | D:10     | Found a staircase to the Lair.
 10360 | D:10     | Found a broken altar of Ashenzari.
 10360 | D:10     | Found a shimmering altar of Xom.
 10372 | D:10     | Identified the +5 trident of Magnificence {heavy, rC+
                  | Dex+3}
 10607 | D:10     | Found a burning altar of Makhleb.
 10882 | D:10     | Found an ornate altar of the Wu Jian Council.
 11019 | D:10     | Found a runed translucent door.
 11046 | D:10     | Reached skill level 8 in Long Blades
 11061 | D:10     | HP: 9/94 [poisoned by a redback]
 11495 | D:10     | Found a runed translucent gate.
 11496 | D:10     | Identified the +4 whip "Datuegre" {venom, rF+ Will+}
 11496 | D:10     | Noticed a boulder beetle
 11496 | D:10     | Noticed a boulder beetle
 11497 | D:10     | Found a runed translucent gate.
 11497 | D:10     | Found a runed translucent gate.
 11497 | D:10     | Found a runed translucent gate.
 11497 | D:10     | Found a runed translucent gate.
 11498 | D:10     | Identified the +0 hat of the Bursting Gods {Rampage rC-
                  | Regen+ Str+4}
 11498 | D:10     | Noticed a lindwurm
 11501 | D:10     | Found a runed translucent gate.
 11745 | D:11     | Reached skill level 9 in Long Blades
 11952 | D:11     | Found Baddousch's General Store.
 11967 | D:11     | Bought a potion of heal wounds for 85 gold pieces
 11967 | D:11     | Bought a potion of might for 68 gold pieces
 11970 | D:11     | Noticed a purple ugly thing
 11997 | D:11     | Killed a purple ugly thing
 12080 | D:11     | Noticed a two-headed ogre
 12091 | D:11     | Killed a two-headed ogre
 12092 | D:11     | Reached skill level 10 in Long Blades
 12164 | D:11     | Noticed Josephine
 12172 | D:11     | Killed Josephine
 12442 | D:11     | Found Dazatz's Jewellery Emporium.
 12457 | D:11     | Found a staircase to the Orcish Mines.
 12462 | D:11     | Noticed a boulder beetle
 12473 | D:11     | Killed a boulder beetle
 12474 | D:11     | Reached skill level 11 in Long Blades
 12653 | D:11     | Reached XP level 12. HP: 54/101 MP: 12/12
 12920 | D:11     | Noticed a boulder beetle
 12966 | D:11     | Killed a boulder beetle
 13357 | D:11     | Bought a +6 ring of dexterity for 504 gold pieces
 13432 | Lair:1   | Entered Level 1 of the Lair of Beasts
 13585 | Lair:1   | Reached skill level 12 in Long Blades
 13606 | Lair:1   | Reached skill level 1 in Shields
 13740 | Lair:1   | Reached skill level 2 in Shields
 13937 | Lair:1   | Noticed a catoblepas
 13949 | Lair:1   | Killed a catoblepas
 14134 | Lair:1   | Noticed Fannar
 14145 | Lair:1   | Killed Fannar
 14596 | D:10     | Became a worshipper of the Wu Jian Council
 14596 | D:10     | Reached * piety under Wu Jian
 14596 | D:10     | Reached ** piety under Wu Jian
 14720 | Lair:2   | Reached skill level 3 in Shields
 14797 | Lair:2   | Reached skill level 9 in Fighting
 15004 | Lair:2   | Reached skill level 4 in Shields
 15023 | Lair:2   | Noticed a catoblepas
 15034 | Lair:2   | Killed a catoblepas
 15035 | Lair:2   | Reached skill level 9 in Dodging
 15036 | Lair:2   | Found a staircase to the Shoals.
 15334 | Lair:2   | Reached skill level 5 in Shields
 15683 | Lair:2   | Found a staircase to the Snake Pit.
 15699 | Lair:2   | Reached skill level 10 in Fighting
 16237 | Lair:3   | Reached XP level 13. HP: 108/113 MP: 13/13
 16584 | Lair:3   | Reached *** piety under Wu Jian
 16604 | Lair:3   | Reached skill level 6 in Shields
 17240 | Lair:4   | Reached skill level 10 in Dodging
 17303 | Lair:4   | Identified a scroll of acquirement
 17325 | Lair:4   | Found a staircase to the Slime Pits.
 17326 | Lair:4   | Found a viscous altar of Jiyva.
 17576 | Lair:4   | Reached skill level 11 in Fighting
 18045 | Lair:5   | Entered Level 5 of the Lair of Beasts
 18053 | Lair:5   | Reached skill level 7 in Shields
 18059 | Lair:5   | Reached **** piety under Wu Jian
 19040 | Lair:5   | Reached skill level 8 in Shields
 19056 | Lair:5   | Reached skill level 11 in Dodging
 19105 | Lair:5   | Reached skill level 12 in Fighting
 19271 | Lair:5   | Reached XP level 14. HP: 126/126 MP: 14/14
 19280 | Lair:5   | Reached ***** piety under Wu Jian
 19310 | Lair:5   | Found a corrupted altar of Lugonu.
 19310 | Lair:5   | Found a one-way gate to the infinite horrors of the Abyss.
 19336 | Lair:5   | Got the Tome of Planar Terrain
 20242 | D:3      | Killed Grinder
 20822 | D:10     | Reached skill level 9 in Shields
 20981 | Orc:1    | Entered Level 1 of the Orcish Mines
 22115 | Orc:2    | Entered Level 2 of the Orcish Mines
 22531 | Orc:2    | Reached skill level 13 in Fighting
 22547 | Orc:2    | Found Heg Wucs's Jewellery Shoppe.
 22557 | Orc:2    | Paralysed by an orc sorcerer for 3 turns
 22659 | Orc:2    | Found an ancient bone altar of Kikubaaqudgha.
 22796 | Orc:2    | Noticed Erolcha
 22811 | Orc:2    | Killed Erolcha
 22826 | Orc:2    | Found a radiant altar of Vehumet.
 22846 | Orc:2    | Found Azaosch's Magic Scroll Emporium.
 22920 | Orc:2    | Found a staircase to the Elven Halls.
 23098 | Orc:2    | Paralysed by an orc sorcerer for 4 turns
 23145 | Orc:2    | Found Cory's Antique Armour Emporium.
 23154 | Orc:2    | Reached skill level 12 in Dodging
 23188 | Orc:2    | Found Inuurpha's Magic Scroll Emporium.
 23253 | Orc:2    | Bought an embroidered hat for 196 gold pieces
 23260 | Orc:2    | Acquired the +0 hat of Inference {rF++}
 23304 | Orc:2    | Bought a scroll of enchant armour for 127 gold pieces
 23326 | Orc:2    | Bought an amulet of regeneration for 510 gold pieces
 23367 | Orc:2    | Bought a scroll of identify for 22 gold pieces
 23367 | Orc:2    | Bought a scroll of teleportation for 33 gold pieces
 23367 | Orc:2    | Bought a scroll of teleportation for 33 gold pieces
 23367 | Orc:2    | Bought a scroll of teleportation for 33 gold pieces
 23367 | Orc:2    | Bought a scroll of identify for 22 gold pieces
 23405 | Orc:2    | Bought a scroll of identify for 34 gold pieces
 23405 | Orc:2    | Bought a scroll of identify for 34 gold pieces
 23405 | Orc:2    | Bought a scroll of teleportation for 51 gold pieces
 23405 | Orc:2    | Bought a scroll of teleportation for 51 gold pieces
 23616 | D:12     | Reached skill level 10 in Shields
 23617 | D:12     | Identified +0 acid dragon scales
 23708 | D:12     | Found a radiant altar of Vehumet.
 23912 | D:12     | Found Doetifoi's Weapon Shop.
 24272 | D:13     | Noticed Maurice
 24276 | D:13     | Killed Maurice
 24665 | D:13     | Reached skill level 14 in Fighting
 24666 | D:13     | Reached ****** piety under Wu Jian
 24897 | D:13     | Reached XP level 15. HP: 111/138 MP: 15/15
 25234 | D:14     | Reached skill level 11 in Shields
 25368 | D:14     | Identified +0 acid dragon scales
 25572 | D:14     | Reached skill level 13 in Dodging
 25629 | D:14     | Identified the +4 scale mail "Utroidd" {Str+3 Dex+6}
 25895 | D:14     | Found a gate to the Vaults.
 26205 | D:15     | Entered Level 15 of the Dungeon
 26210 | D:15     | Found a runed translucent gate.
 26210 | D:15     | Found a runed translucent gate.
 26211 | D:15     | Found a runed translucent gate.
 26214 | D:15     | Noticed Penici's ghost (journeyman MiFi)
 26601 | D:15     | Found a staircase to the Depths.
 27199 | D:15     | Reached skill level 15 in Fighting
 27455 | D:15     | Found a sacrificial altar of Ru.
 27518 | D:15     | Found an iron altar of Okawaru.
 27562 | D:14     | Killed Penici's ghost
 27671 | D:15     | Reached skill level 12 in Shields
 27726 | D:15     | Identified the +4 bardiche "Mejik" {venom, rF++ rN+ Dex+3}
 28001 | Snake:1  | Entered Level 1 of the Snake Pit
 28001 | Snake:1  | Noticed Donald
 28009 | Lair:2   | Killed Donald
 28288 | Snake:1  | Reached skill level 14 in Dodging
 28837 | Snake:2  | Reached skill level 13 in Shields
 28887 | Snake:2  | Reached XP level 16. HP: 137/149 MP: 16/16
 29040 | Snake:2  | Found a sparkling altar of Nemelex Xobeh.
 29049 | Snake:2  | Found Kowen's Weapon Shop.
 29543 | Snake:3  | Identified a +0 robe of the Archmagi
 29544 | Snake:3  | Found an ornate altar of the Wu Jian Council.
 29974 | Snake:4  | Entered Level 4 of the Snake Pit
 30374 | Snake:4  | Identified the +8 battleaxe of Disgust {heavy, rC+ Int+4
                  | Dex+3}
 30536 | Snake:4  | Reached skill level 15 in Dodging
 30537 | Snake:4  | Reached skill level 14 in Shields
 30780 | Snake:4  | HP: 8/149 [nagaraja/+0 halberd (20)]
 30781 | Snake:4  | Mangled by a nagaraja

Vanquished Creatures
  A nagaraja (Snake:4)
  Donald (Lair:2)
  The ghost of Penici the Severer, a journeyman MiFi of Gozag (D:14)
  A fire dragon (D:15)
  Josephine (D:11)
  A vault guard (D:14)
  Fannar (Lair:1)
  Erolcha (Orc:2)
  2 salamander tyrants (Snake:4)
  A rakshasa (D:8)
  7 anacondas
  9 hydras
  2 catoblepae
  An ogre mage (Orc:2)
  9 centaur warriors
  4 two-headed ogres
  7 boulder beetles
  4 naga warriors
  3 tengu warriors
  3 thrashing horrors (Lair:5)
  9 naga sharpshooters
  An orc high priest (Orc:1)
  3 shock serpents (Snake:4)
  A deep elf knight (D:15)
  A skyshark (Lair:4)
  A fire crab (D:14)
  4 skeletal warriors (D:13)
  3 salamander mystics
  3 orc knights
  3 naga ritualists
  A lindwurm (D:10)
  A harpy (shapeshifter) (D:14)
  A deep elf pyromancer (D:14)
  A deep elf zephyrmancer (D:9)
  4 mana vipers
  15 ugly things
  12 orc sorcerers
  A wolf spider (D:15)
  5 manticores
  4 cyclopes
  9 salamanders
  8 elephants
  3 guardian serpents
  28 black mambas
  2 smoke demons (Lair:5)
  10 naga magi
  4 gargoyles
  Maurice (D:13)
  13 cane toads
  3 rime drakes
  5 komodo dragons
  An ancient zyme (Lair:5)
  9 trolls
  A polar bear (Lair:3)
  6 meliai
  Grinder (D:3)
  A wind drake (Lair:2)
  23 blink frogs
  Sigmund (D:6)
  15 slime creatures
  A spriggan (Lair:5)
  2 jumping spiders (D:10)
  2 vampires
  31 yaks
  3 ynoxinuls (Lair:5)
  A water elemental (D:11)
  4 wyverns
  2 redbacks (D:10)
  A chaos spawn (Lair:5)
  9 wraiths
  8 basilisks
  2 steam dragons (D:8)
  3 wargs
  19 nagas
  3 acid dragons
  A swamp worm (shapeshifter) (D:15)
  13 water moccasins
  13 orc warriors
  A black bear (D:6)
  5 ogres
  2 large abominations (Lair:5)
  3 wolves (Lair:3)
  25 centaurs
  11 small abominations (Lair:5)
  6 kobold brigands
  Blork the orc (D:4)
  A gnoll sergeant (D:6)
  11 bullfrogs
  8 scorpions
  10 wights
  16 killer bees
  3 electric eels (D:12)
  6 howler monkeys
  4 lava snakes
  4 hounds
  A gnoll bouda (D:9)
  5 jellies
  8 orc priests
  25 orc wizards
  4 iguanas
  7 hell rats (Lair:4)
  A mummy (D:6)
  13 gnolls
  10 adders
  A shadow imp (D:7)
  2 white imps
  2 ufetubi
  3 worms
  4 dart slugs
  49 orcs
  7 ball pythons
  A bat (D:3)
  8 endoplasms
  3 giant cockroaches
  8 goblins
  6 hobgoblins
  9 jackals
  19 kobolds
  5 quokkas
  6 frilled lizards
  2 hobgoblin zombies (D:6)
  A kobold zombie (D:6)
  An orc zombie (D:6)
  8 rats
  A spectral kobold (D:1)
733 creatures vanquished.

Vanquished Creatures (others)
  32 fungi
  45 plants
77 creatures vanquished.

Grand Total: 810 creatures vanquished
